 Dungeon Crawl Stone Soup version 0.32-a0-675-gdc239d62e1 (webtiles) character file.

Game seed: 863348179697087452

35224 Descartes the Geomancer (level 13, -2/85 (86) HPs)
             Began as a Coglin Chaos Knight on Mar 11, 2024.
             Was a Plaything of Xom.
             Blown up by a lich (26 damage)
             ... with a wavering orb of destruction
             ... on level 3 of the Abyss.
             The game lasted 00:32:05 (15728 turns).

Descartes the Geomancer (Coglin Chaos Knight)      Turns: 15728, Time: 00:32:05

HP:   -2/85 (86)    AC: 31    Str: 17    XL:     13   Next: 82%
MP:   16/22         EV:  8    Int: 12    God:    Xom [*.....]
Gold: 969           SH:  4    Dex: 23    Spells: 3/12 levels left

rFire   . . .        A - +4 whip "Eghuiwi" {chaos, rC+ Dex+2}
rCold   + + .        y - +5 rapier of the Hero {drain, rN+ MP+9 Dex+3}
rNeg    + . .        M - +6 chain mail "Qice" {Dex+2}
rPois   +            q - +2 helmet
rElec   .            G - +2 cloak {Will+}
rCorr   .            F - +2 pair of gloves
SInv    .            V - +0 pair of boots
Will    ++...        (amulet unavailable) Stlth
                     (ring unavailable)
HPRegen 0.34/turn    (ring unavailable)
MPRegen 0.18/turn    (no gizmo)

%: no passive effects
@: lightly drained, revved
A: off-hand wielding, slow wielding, warmup strikes, no jewellery, iridescent
scales 1, large bone plates 1, thin skeletal structure 1, cold resistance 1,
strong-willed 1, mutation resistance 1, poison resistance
a: Invent Gizmo, Renounce Religion


You were on level 3 of the Abyss.
You worshipped Xom.
You were a special plaything of Xom.
You visited 2 branches of the dungeon, and saw 14 of its levels.
You visited the Abyss 1 time.
You also visited: Ossuary.

You collected 1165 gold pieces.
You spent 196 gold pieces at shops.

Inventory:

Hand Weapons
 a - a +1 demon whip of venom
 y - the +5 rapier of the Hero (offhand) {drain, rN+ MP+9 Dex+3}
   (You found it on level 2 of the Dungeon)

   Dex+3:     It affects your dexterity (+3).
   rN+:       It protects you from negative energy.
   MP+9:      It affects your magic capacity (+9).
 A - the +4 whip "Eghuiwi" (weapon) {chaos, rC+ Dex+2}
   (Xom gifted it to you on level 6 of the Dungeon)

   Dex+2:     It affects your dexterity (+2).
   rC+:       It protects you from cold.
 N - a +3 morningstar of distortion
Missiles
 d - 6 datura-tipped darts
 g - 2 silver javelins
 n - 3 throwing nets (quivered)
 z - 4 darts of dispersal
 H - 32 poisoned darts
 I - 3 curare-tipped darts
Armour
 f - a +1 tower shield of protection
 i - a +1 troll leather armour
 q - a +2 helmet (worn)
 B - +1 steam dragon scales
 F - a +2 pair of gloves (worn)
 G - a +2 cloak of willpower (worn)
 M - the +6 chain mail "Qice" (worn) {Dex+2}
   (You found it on level 9 of the Dungeon)

   Dex+2:     It affects your dexterity (+2).
 V - a +0 pair of boots (worn)
Wands
 e - a wand of flame (42)
 k - a wand of light (2)
 D - a wand of warping (16)
Scrolls
 c - 2 scrolls of butterflies
 h - 9 scrolls of teleportation
 j - 4 scrolls of vulnerability
 l - 3 scrolls of revelation
 p - 5 scrolls of immolation
 s - 5 scrolls of amnesia
 u - 2 scrolls of noise
 v - 2 scrolls of fog
 w - 4 scrolls of poison
 E - a scroll of identify
 R - a scroll of fear
 T - a scroll of enchant weapon
 U - a scroll of blinking
Potions
 b - a potion of might
 m - 9 potions of curing
 o - 2 potions of cancellation
 r - a potion of brilliance
 t - 6 potions of attraction
 x - a potion of berserk rage
 C - a potion of magic {unknown}
 J - 2 potions of enlightenment
 K - a potion of lignification {unknown}
 L - a potion of resistance {unknown}
 O - a potion of heal wounds
 S - a potion of mutation {unknown}
Miscellaneous
 P - a condenser vane
 Q - a box of beasts


   Skills:
 - Level 3.0 Fighting
 + Level 9.4 Short Blades
 - Level 10.0(11.4) Axes
 - Level 8.0(10.0) Maces & Flails
 + Level 9.6 Armour
 - Level 0.8 Dodging
 + Level 12.4 Earth Magic


You had 3 spell levels left.
You knew the following spells:

 Your Spells              Type           Power      Damage    Failure   Level
a - Shatter               Erth           14%        3d14*     100%        9

Your spell library contained the following spells:

 Spells                   Type           Power      Damage    Failure   Level
 Passwall                 Erth           29%        N/A       4%          3
 Stone Arrow              Conj/Erth      28%        3d8       50%         3
 Necrotise                Necr           0%         1d4       94%         1
 Ensorcelled Hibernation  Hex/Ice        0%         N/A       98%         2
 Call Canine Familiar     Summ           0%         N/A       100%        3
 Gell's Gravitas          Tloc           0%         N/A       100%        3
 Sigil of Binding         Hex            0%         N/A       100%        3
 Swiftness                Air            0%         N/A       100%        3
 Teleport Other           Tloc           0%         N/A       100%        3
 Animate Armour           Summ/Erth      28%        N/A       88%         4
 Borgnjor's Vile Clutch   Necr/Erth      7%         N/A       99%         5
 Dimensional Bullseye     Hex/Tloc       0%         N/A       100%        4
 Bombard                  Conj/Erth      7%         9d2       100%        6
 Dispersal                Tloc           0%         N/A       100%        6
 Lehudib's Crystal Spear  Conj/Erth      7%         10d3      100%        8


Dungeon Overview and Level Annotations

Branches:
Dungeon (13/15)            Temple (0/1) D:5            Lair (1/5) D:8
    Orc (0/2) D:11        Ossuary (visited)
 Vaults: D:13-14

Altars:
Ashenzari
Cheibriados
Elyvilon
Kikubaaqudgha
Nemelex Xobeh
Sif Muna
Trog
Uskayaw
Vehumet
Wu Jian
Xom

Shops:
D:2 =   D:6 ?   D:9 *   D:11 [

Annotations:
D:13 Frances


Innate Abilities, Weirdness & Mutations

You can wield a second weapon in your off-hand.
It takes a long time for you to wield or remove held weapons.
Your first few attacks do less damage.
You cannot equip rings or amulets.
You are partially covered in iridescent scales. (AC +2)
You are partially covered in large bone plates. (SH +4)
You have a somewhat thin skeletal structure. (Dex +2, Stealth+)
Your flesh is cold resistant. (rC+)
You are strong-willed. (Will+)
You are somewhat resistant to further mutation.
Your system is resistant to poisons. (rPois)


Message History

You hear some strange, mumbled words.
A bolt of cold appears from out of thin air!
The bolt of cold misses your +0 long sword.
The bolt of cold hits you. You resist.
The brain worm bites you but does no damage.
You puncture the brain worm with the +5 rapier of the Hero!
You kill the brain worm!
Something touches your +0 long sword.
Unknown command.
You swap places.
Something touches you but does no damage.
You closely miss something with the +5 rapier of the Hero.
You hit something with the +4 whip "Eghuiwi".
Nothing appears to happen.
Something touches you but does no damage.
You hit something with the +5 rapier of the Hero.
You completely miss something with the +4 whip "Eghuiwi".
Something touches you but does no damage.
You hit something with the +4 whip "Eghuiwi".
You burn something.
You puncture something with the +5 rapier of the Hero!
Something touches you.
* * * LOW HITPOINT WARNING * * *
You hit something with the +4 whip "Eghuiwi".
Nothing appears to happen.
You hit something with the +5 rapier of the Hero.
Something touches you but does no damage.
You hit something but do no damage. x2
Something touches you but does no damage.
You miss something with the +5 rapier of the Hero.
You hit something with the +4 whip "Eghuiwi".
Something touches you.
* * * LOW HITPOINT WARNING * * *
You partially resist.
You feel drained.
You hit something but do no damage.
You barely miss something with the +4 whip "Eghuiwi".
Something conjures a glowing orb.
The wavering orb of destruction weakly hits you!!
You die...
Xom bursts into laughter!

. . .. ...#
##........# #.
.........# # ##
#.# #.......## ..
# ......)... #.ß
#~.#.......##...
# #....#..# ##
.........##..#.
#.#......{@().# #
#.......##..# . #
.##[### § #.#
..... ...... ..
###.#.##._....#*.
# #'### # ##.#. #
~~≈ # # . .# . .
# ~≈ # #.. #. ~≈
~ ...


You could see a friendly +0 long sword.

Vanquished Creatures
  Jorgrun (D:13)
  A tentacled starspawn (Abyss:3)
  Gastronok (D:8)
  A deep elf demonologist (Abyss:3)
  Harold (Lair:1)
  2 centaur warriors (D:13)
  A tengu warrior (D:9)
  4 two-headed ogres
  4 death yaks (Lair:1)
  Amaemon (Lair:1)
  A large abomination (Abyss:3)
  Lodul (D:13)
  A deep elf pyromancer (D:12)
  An ugly thing (D:9)
  A cyclops (D:12)
  2 manticores
  An apocalypse crab (Abyss:3)
  Joseph (D:10)
  A black mamba (Lair:1)
  A meliai (shapeshifter) (D:9)
  An orange demon (Lair:1)
  A cane toad (Lair:1)
  A yaktaur (shapeshifter) (D:10)
  An efreet (D:9)
  Maggie (D:6)
  3 komodo dragons
  A komodo dragon (shapeshifter) (Lair:1)
  2 kobold demonologists (D:12)
  2 freezing wraiths (D:9)
  2 trolls (D:12)
  A polar bear (Lair:1)
  A hornet (D:11)
  2 blink frogs
  4 slime creatures
  2 wraiths
  A spriggan (shapeshifter) (D:13)
  2 shadows
  15 yaks
  3 hogs (D:13)
  4 basilisks
  3 wyverns
  2 steam dragons
  3 vampire mosquitoes
  2 swamp worms (Lair:1)
  A water moccasin (D:8)
  2 acid dragons (D:9)
  Duvessa (D:6)
  A swamp drake (D:8)
  A sky beast (D:7)
  3 orc warriors
  3 ice beasts
  A black bear (D:6)
  4 laughing skulls
  10 ogres
  2 phantoms (D:4)
  7 centaurs
  7 kobold brigands
  A brain worm (Abyss:3)
  5 elf zombies (Ossuary)
  2 gnoll sergeants
  3 bullfrogs
  5 scorpions
  Dowan (D:6)
  5 howler monkeys
  A bombardier beetle (D:4)
  A spectral bullfrog (Ossuary)
  7 hounds
  2 jellies
  9 orc priests
  3 human zombies (Ossuary)
  Crazy Yiuf (D:7)
  2 sleepcaps
  Natasha (thrice) (D:3)
  15 orc wizards
  2 crocodile zombies (Ossuary)
  3 spectral hounds (Ossuary)
  A scorpion simulacrum (Ossuary)
  2 mummies (Ossuary)
  8 gnolls
  4 adders
  4 hound simulacra (Ossuary)
  A shadow imp (D:7)
  A white imp (D:5)
  A spectral adder (Ossuary)
  2 spectral gnolls (Ossuary)
  2 ribbon worms
  5 dart slugs
  2 adder simulacra (Ossuary)
  49 orcs
  6 ball pythons
  9 endoplasms
  3 giant cockroaches
  8 gnoll zombies (Ossuary)
  7 goblins
  17 hobgoblins
  4 jackals (D:1)
  2 quokkas
  6 bats
  5 frilled lizards
  3 gnoll simulacra (Ossuary)
  A jackal simulacrum (Ossuary)
  27 kobolds
  4 kobold zombies (Ossuary)
  4 orc zombies (Ossuary)
  2 rats
  3 spectral jackals (Ossuary)
395 creatures vanquished.

Vanquished Creatures (collateral kills)
  A tentacled starspawn (Abyss:3)
  A rakshasa (Abyss:3)
  A cyclops (D:9)
  2 efreet
  An unseen horror (Abyss:3)
  A troll (D:9)
  Eustachio (D:6)
  A small abomination (Abyss:3)
  A centaur (D:9)
  A kobold brigand (D:9)
  A killer bee (D:9)
  An orc wizard (D:6)
  A quokka (D:4)
  A rat (D:1)
15 creatures vanquished.

Vanquished Creatures (others)
  Kirke (D:13)
  A dancing weapon (D:9)
  A death yak (Lair:1)
  A human (D:13)
  A lurking horror (Abyss:3)
  8 starspawn tentacles (Abyss:3)
13 creatures vanquished.

Grand Total: 423 creatures vanquished

Notes
Turn   | Place    | Note
-------+----------+-------------------------------------------
     0 | D:1      | Descartes the Coglin Chaos Knight began the quest for the
                  | Orb.
     0 | D:1      | Reached XP level 1. HP: 18/18 MP: 1/1
    20 | D:1      | Reached XP level 2. HP: 19/24 MP: 2/2
   126 | D:1      | XOM: divination: detect items
   208 | D:1      | Reached XP level 3. HP: 23/29 MP: 3/3
   481 | D:1      | XOM: silly message
   518 | D:2      | Found Feotuc Zyrch's Jewellery Shop.
   704 | D:2      | XOM: cloud trail
   792 | D:2      | Reached XP level 4. HP: 35/35 MP: 4/4
   828 | D:2      | XOM: divination: detect creatures
  1148 | D:2      | XOM: silly message
  1172 | D:2      | Identified the +5 rapier of the Hero {drain, rN+ MP+9
                  | Dex+3}
  1312 | D:3      | Reached skill level 5 in Axes
  1370 | D:3      | XOM: divination: detect items
  1452 | D:3      | Found a white marble altar of Elyvilon.
  1580 | D:3      | XOM: silly message
  1793 | D:3      | Noticed Natasha
  1800 | D:3      | Killed Natasha
  1801 | D:3      | Reached XP level 5. HP: 22/41 MP: 5/5
  1922 | D:3      | Noticed Natasha
  1927 | D:3      | Killed Natasha
  2018 | D:3      | Noticed Natasha
  2024 | D:3      | Killed Natasha
  2078 | D:4      | XOM: noise
  2080 | D:4      | Reached XP level 6. HP: 40/47 MP: 6/6
  2263 | D:4      | XOM: divination: magic mapping
  2345 | D:4      | XOM: noise
  2354 | D:4      | Reached XP level 7. HP: 44/52 MP: 7/7
  2527 | D:4      | XOM: silly message
  2555 | D:4      | Found an ornate altar of the Wu Jian Council.
  2706 | D:4      | XOM: 2-stop teleportation journey
  2727 | D:4      | Found a hide-covered altar of Uskayaw.
  2898 | D:5      | Entered Level 5 of the Dungeon
  2938 | D:5      | XOM: confusion
  2941 | D:5      | XOM: cleaving
  2942 | D:5      | XOM: cast spell 'Alistair's Intoxication'
  2949 | D:5      | Reached XP level 8. HP: 58/58 MP: 8/8
  2983 | D:5      | XOM: god gift: storm talisman
  3083 | D:5      | XOM: god gift: Xom's Secrets of Wyrd {god gift}
  3084 | D:5      | Got Xom's Secrets of Wyrd {god gift}
  3545 | D:5      | Found a staircase to the Ecumenical Temple.
  3673 | D:5      | Reached skill level 1 in Earth Magic
  3740 | D:6      | Noticed Dowan
  3745 | D:6      | Noticed Duvessa
  3750 | D:6      | Killed Dowan
  3817 | D:6      | Killed Duvessa
  3818 | D:6      | Reached skill level 10 in Axes
  3818 | D:6      | Reached skill level 2 in Earth Magic
  3818 | D:6      | Found Hicyin's Magic Scroll Boutique.
  3818 | D:6      | Noticed Eustachio
  3907 | D:6      | Killed Eustachio
  3908 | D:6      | Reached skill level 3 in Earth Magic
  3913 | D:6      | Bought a scroll of immolation for 56 gold pieces
  3913 | D:6      | Bought a scroll of identify for 28 gold pieces
  3913 | D:6      | Bought a scroll of identify for 28 gold pieces
  3913 | D:6      | Bought a scroll of identify for 28 gold pieces
  3913 | D:6      | Bought a scroll of identify for 28 gold pieces
  3913 | D:6      | Bought a scroll of identify for 28 gold pieces
  3966 | D:6      | Reached skill level 4 in Earth Magic
  4056 | D:6      | XOM: give mutations
  4056 | D:6      | Gained mutation: Your system is resistant to poisons.
                  | (rPois) [Xom's grace]
  4056 | D:6      | Gained mutation: You have a somewhat thin skeletal
                  | structure. (Dex +2, Stealth+) [Xom's grace]
  4056 | D:6      | Gained mutation: You are partially covered in large bone
                  | plates. (SH +4) [Xom's grace]
  4087 | D:6      | XOM: divination: magic mapping
  4132 | D:6      | Noticed Maggie
  4143 | D:6      | Killed Maggie
  4144 | D:6      | Reached skill level 5 in Earth Magic
  4144 | D:6      | Reached XP level 9. HP: 18/63 MP: 9/9
  4146 | D:6      | Reached skill level 6 in Earth Magic
  4181 | D:6      | XOM: god gift: ebony whip {god gift}
  4181 | D:6      | Identified the +4 whip "Eghuiwi" {chaos, rC+ Dex+2} (Xom
                  | gifted it to you on level 6 of the Dungeon)
  4465 | D:6      | Reached skill level 1 in Maces & Flails
  4483 | D:6      | XOM: fog
  4489 | D:6      | HP: 1/63 [ogre/+0 giant spiked club (8)]
  4867 | D:6      | Identified the +3 ring mail "Usty Tagh" {rF++}
  4887 | D:6      | Reached skill level 7 in Earth Magic
  5273 | D:6      | XOM: scenery: 1 doors close
  5484 | D:7      | XOM: fake destruction
  5490 | D:7      | Reached XP level 10. HP: 64/70 MP: 10/10
  5503 | D:7      | Found a sand-covered staircase.
  5508 | Ossuary  | Entered an ossuary
  5620 | Ossuary  | Reached skill level 8 in Earth Magic
  5625 | Ossuary  | Reached skill level 5 in Maces & Flails
  6105 | D:7      | Found an ancient bone altar of Kikubaaqudgha.
  6114 | D:7      | Found a shimmering blue altar of Sif Muna.
  6115 | D:7      | Found a radiant altar of Vehumet.
  6118 | D:7      | Got Kikubaaqudgha's Secrets of Open Graves
  6264 | D:7      | Found a runed translucent door.
  6265 | D:7      | Noticed Crazy Yiuf
  6272 | D:7      | Killed Crazy Yiuf
  6298 | D:7      | XOM: scenery: create altars
  6665 | D:7      | XOM: scenery: summon butterflies
  6684 | D:8      | Reached skill level 1 in Short Blades
  7091 | D:8      | Found a shimmering altar of Xom.
  7116 | D:8      | XOM: cloud trail
  7140 | D:8      | Found a bloodstained altar of Trog.
  7280 | D:8      | XOM: scenery: create altars
  7311 | D:8      | XOM: cloud trail
  7323 | D:8      | XOM: summons 6 hostile demons
  7521 | D:8      | XOM: divination: detect items
  7631 | D:8      | XOM: god gift: trident {god gift}
  7643 | D:8      | Found a staircase to the Lair.
  7876 | Lair:1   | Entered Level 1 of the Lair of Beasts
  7876 | Lair:1   | Noticed Gastronok
  7899 | D:8      | Reached skill level 9 in Earth Magic
  7952 | D:8      | Learned a level 9 spell: Shatter
  8119 | D:8      | XOM: polymorph blink frog -> hobgoblin
  8154 | Lair:1   | XOM: fog
  8169 | D:8      | Killed Gastronok
  8170 | D:8      | Reached XP level 11. HP: 45/75 MP: 11/11
  8243 | D:8      | XOM: 1-stop teleportation journey
  8921 | Lair:1   | XOM: god gift: book of Armaments
  8937 | Lair:1   | Noticed Amaemon
  8939 | Lair:1   | XOM: polymorph scorpion -> shapeshifter
  8942 | Lair:1   | XOM: confuse monster(s)
  8989 | Lair:1   | Noticed a death yak
  8989 | Lair:1   | XOM: summons friendly ufetubus
  8989 | Lair:1   | Noticed a death yak
  8990 | Lair:1   | Noticed a death yak
  8990 | Lair:1   | Noticed a death yak
  8991 | Lair:1   | Noticed Harold
  8992 | Lair:1   | Noticed Jeremiah
  9018 | Lair:1   | XOM: confuse monster(s)
  9022 | Lair:1   | Killed Amaemon
  9024 | Lair:1   | Killed a death yak
  9025 | Lair:1   | Reached skill level 5 in Armour
  9038 | Lair:1   | Killed a death yak
  9040 | Lair:1   | Killed Harold
  9043 | Lair:1   | Jeremiah changed into Jeremiah the shapeshifter
  9043 | Lair:1   | XOM: polymorph Jeremiah -> Jeremiah the shapeshifter
  9045 | Lair:1   | Killed a death yak
  9046 | Lair:1   | Reached skill level 5 in Short Blades
  9047 | Lair:1   | XOM: divination: detect items
  9051 | Lair:1   | Killed a death yak
  9055 | Lair:1   | Killed a death yak
  9056 | Lair:1   | Reached skill level 10 in Earth Magic
  9204 | Lair:1   | XOM: noise
  9287 | Lair:1   | XOM: fake destruction
  9577 | Lair:1   | XOM: divination: detect creatures
  9606 | Lair:1   | XOM: give mutations
  9606 | Lair:1   | Gained mutation: You are strong-willed. (Will+) [Xom's
                  | grace]
  9606 | Lair:1   | Gained mutation: You are somewhat resistant to further
                  | mutation. [Xom's grace]
  9606 | Lair:1   | Gained mutation: Your flesh is cold resistant. (rC+) [Xom's
                  | grace]
  9606 | Lair:1   | Gained mutation: You are partially covered in iridescent
                  | scales. (AC +2) [Xom's grace]
 10001 | D:9      | XOM: scenery: 1 doors open
 10002 | D:9      | Noticed a two-headed ogre
 10008 | D:9      | Killed a two-headed ogre
 10009 | D:9      | Reached XP level 12. HP: 63/81 MP: 12/12
 10080 | D:9      | Identified the +6 chain mail "Qice" {Dex+2}
 10162 | D:9      | XOM: polymorph centaur -> hobgoblin
 10543 | D:9      | Found Wuczar's General Store.
 10772 | D:9      | XOM: summons friendly white imp
 10780 | D:9      | XOM: cleaving
 11080 | D:9      | Noticed a tengu warrior
 11082 | D:9      | XOM: swap monsters
 11089 | D:9      | XOM: blink monster(s)
 11093 | D:9      | XOM: confusion
 11103 | D:9      | Killed a tengu warrior
 11105 | D:9      | XOM: torment (29/81 hp)
 11107 | D:9      | XOM: scenery: summon butterflies
 11134 | D:9      | HP: 4/81 [freezing wraith (4)]
 11570 | D:9      | Found a broken altar of Ashenzari.
 11774 | D:10     | Entered Level 10 of the Dungeon
 12139 | D:10     | Found a snail-covered altar of Cheibriados.
 12144 | D:10     | XOM: destruction
 12300 | D:10     | Noticed Joseph
 12313 | D:10     | Killed Joseph
 12321 | D:10     | a jumping spider changed into an entropy weaver
 12321 | D:10     | Noticed an entropy weaver (shapeshifter)
 12325 | D:10     | an entropy weaver changed into a yaktaur
 12448 | D:10     | Noticed a two-headed ogre
 12460 | D:10     | Killed a two-headed ogre
 12461 | D:10     | Reached skill level 11 in Earth Magic
 12997 | D:10     | Found a sparkling altar of Nemelex Xobeh.
 13074 | D:11     | Found Fypyrixt's Armour Shoppe.
 13219 | D:11     | XOM: enchant monster (good)
 13583 | D:11     | XOM: scenery: create altars
 13793 | D:11     | Found a staircase to the Orcish Mines.
 13899 | D:11     | XOM: scenery: create altars
 14007 | D:12     | XOM: divination: detect items
 14008 | D:12     | Noticed a two-headed ogre
 14016 | D:12     | Killed a two-headed ogre
 14022 | D:12     | XOM: summons 1 hostile demon
 14049 | D:12     | Reached XP level 13. HP: 86/86 MP: 13/13
 14729 | D:13     | XOM: summons 6 friendly demons
 14863 | D:13     | Noticed Jorgrun
 14864 | D:13     | Noticed Kirke
 14872 | D:13     | Noticed a sphinx
 14888 | D:13     | Killed Kirke
 14895 | D:13     | Killed Jorgrun
 15114 | D:13     | XOM: summons 5 friendly demons
 15206 | D:13     | XOM: cloud trail
 15223 | D:13     | Noticed Lodul
 15230 | D:13     | Killed Lodul
 15231 | D:13     | Reached skill level 12 in Earth Magic
 15398 | D:13     | Noticed Frances
 15413 | Abyss:3  | Cast into level 3 of the Abyss (Frances)
 15425 | Abyss:3  | Noticed a tentacled starspawn
 15429 | Abyss:3  | XOM: divine lightning
 15432 | Abyss:3  | XOM: swap monsters
 15436 | Abyss:3  | XOM: scenery: summon butterflies
 15437 | Abyss:3  | XOM: noise
 15439 | Abyss:3  | Killed a tentacled starspawn
 15443 | Abyss:3  | XOM: enchant monster (good)
 15547 | Abyss:3  | XOM: enchant monster (bad)
 15653 | Abyss:3  | Noticed a rakshasa
 15654 | Abyss:3  | Found a corrupted altar of Lugonu.
 15672 | Abyss:3  | Killed a rakshasa
 15695 | Abyss:3  | Noticed a lich
 15695 | Abyss:3  | Noticed a tentacled starspawn
 15702 | Abyss:3  | XOM: noise
 15704 | Abyss:3  | Killed a tentacled starspawn
 15705 | Abyss:3  | Noticed a deep elf demonologist
 15716 | Abyss:3  | Killed a deep elf demonologist
 15728 | Abyss:3  | Blown up by a lich

Illustrated notes

Levels and vault maps discovered:
D:1:      roderic_crossed_star, layout_rooms
D:2:      layout_basic, serial_shops, nicolae_shop_tiny_waterfront
D:3:      layout_basic, nicolae_elyvilon_temple_path, uniq_natasha
D:4:      minmay_chambers_of_threes, layout_cave_pools,
          nicolae_overflow_crystal_walls, nicolae_wu_jian_wuxing_cycle
D:5:      layout_rooms, minmay_temple_entry_steel_oval, minmay_misc_feat_tiny,
          lexackson_kobold_supper
D:6:      kennysheep_housing_project, layout_rooms, serial_shops,
          nicolae_shop_behind_doors, chequers_serial_rivers_room_b,
          grunt_ministairs_9, uniq_maggie, uniq_duvessa, uniq_eustachio
D:7:      layout_rooms, grunt_temple_overflow_magic_moments, serial_glass,
          glass_columns_b, glass_columns_c, glass_columns_a, feat_on_display,
          due_unseen_surprise, feat_on_display, feat_on_display,
          enter_ossuary_5, kennysheep_generic_room_4, uniq_crazy_yiuf_cottage
D:8:      layout_cave_pools, brannock_xom_greatest_gift,
          nicolae_overflow_hidden_temple, erik_lair_dragon, serial_column_ruins,
          column_ruins_open_small, column_ruins_open_tiny,
          column_ruins_open_tiny, column_ruins_grid_1,
          column_ruins_columns_straight, column_ruins_open_medium
D:9:      minmay_the_grid_octo_triangle [minmay_the_grid_octo_77,
          minmay_the_grid_octo_prize_star, minmay_the_grid_octo_clover_2],
          layout_stronghold, mainiacjoe_overflow_alcove_2, serial_shops,
          nicolae_shop_just_a_little_nook
D:10:     layout_loops_ring, mainiacjoe_overflow_alcove_1,
          mainiacjoe_overflow_boulevard, uniq_joseph
D:11:     layout_basic, orc_0_dummy, serial_shops, shop, marbit_kobold_abyssish
D:12:     layout_cave_pools
D:13:     layout_roguey, dk_noncrumbling_2, uniq_jorgrun, uniq_azrael,
          uniq_kirke, uniq_frances, uniq_lodul
Lair:1:   layout_long_grid, worms_lemuel, uniq_amaemon, uniq_gastronok,
          uniq_jeremiah, uniq_harold
Abyss:3:  base: D:6, hangedman_decor_riveting

Skill      XL: |  1  2  3  4  5  6  7  8  9 10 11 12 13 |
---------------+----------------------------------------+-----
Axes           | 4 5 6 7 9 10 | 10.0
Earth Magic    | 5 7 9 10 11 12 | 12.4
Maces & Flails | 4 6 8 |  8.0
Armour         | 4 5 8 9 |  9.6
Short Blades   | 3 5 7 9 |  9.4
Fighting       | |  3.0
Dodging        | |  0.8

Action                     |  1- 3 |  4- 6 |  7- 9 | 10-12 | 13-15 || total
---------------------------+-------+-------+-------+-------+-------++-------
  Melee: Hand axe          |    62 |    79 |   115 |       |       ||   256
         Dagger            |    56 |    29 |       |       |       ||    85
         Flail             |       |    41 |    61 |       |       ||   102
         Rapier            |       |       |   169 |   611 |   259 ||  1039
         Whip              |       |       |   104 |   589 |   248 ||   941
    Use: Scroll            |       |       |    10 |    15 |     2 ||    27
         Potion            |       |       |       |     5 |     1 ||     6
   Stab: Sleeping          |     2 |     1 |     2 |     8 |       ||    13
         Confused          |       |       |     1 |    15 |       ||    16
         Petrified         |       |       |    13 |     7 |     6 ||    26
         Paralysed         |       |       |     2 |     6 |     1 ||     9
         Petrifying        |       |       |     1 |     3 |     1 ||     5
         Held in net/web   |       |       |     1 |       |     4 ||     5
         Distracted        |       |       |       |     1 |     1 ||     2
 Armour: Leather armour    |    52 |    52 |    66 |       |       ||   170
         Steam dragon scal |       |       |   105 |   280 |       ||   385
         Chain mail        |       |       |       |   254 |   309 ||   563
  Dodge: Dodged            |    36 |    54 |   121 |   314 |    90 ||   615
  Block: Other             |       |       |    21 |    97 |    51 ||   169

Table legend: (Time is in decaauts)
 A = Elapsed time spent in this place.
 B = Non-inter-level travel time spent in this place.
 C = Inter-level travel time spent in this place.
 D = Time resting spent in this place.
 E = Time spent auto-exploring this place.
 F = Levels seen in this place.
 G = Mean time per level.
                   A        B        C        D        E       F      G
               +--------+--------+--------+--------+--------+-----+--------+
         Total |  15610 |  14594 |   1016 |      0 |  11789 |  16 |  975.6 |
       Dungeon |  13117 |  12208 |    909 |      0 |   9959 |  13 | 1009.0 |
          Lair |   1630 |   1524 |    106 |      0 |   1297 |   1 | 1630.0 |
         Abyss |    287 |    287 |      0 |      0 |    136 |   1 |  287.0 |
       Ossuary |    576 |    576 |      0 |      0 |    396 |   1 |  576.0 |
               +--------+--------+--------+--------+--------+-----+--------+

Top non-repeatable levels by time:
     D:8: 1879 daAuts
     D:9: 1867 daAuts
  Lair:1: 1630 daAuts
     D:6: 1602 daAuts
    D:10: 976 daAuts
     D:4: 902 daAuts
     D:3: 900 daAuts
     D:2: 838 daAuts
    D:11: 833 daAuts
     D:5: 736 daAuts
    D:12: 736 daAuts
    D:13: 698 daAuts
     D:7: 624 daAuts
 Ossuary: 576 daAuts
     D:1: 520 daAuts
